 Dungeon Crawl Stone Soup version 0.30-a0-218-gedb9141078 (webtiles) character file.

Game seed: 7817547365080951532

116 themarg the Digger (level 5, -6/28 HPs)
             Began as a Gargoyle Earth Elementalist on Oct 5, 2022.
             Mangled by Sigmund
             ... wielding a +0 scythe
              (8 damage)
             ... on level 3 of the Dungeon.
             The game lasted 00:09:11 (2578 turns).

themarg the Digger (Gargoyle Earth Elementalist)    Turns: 2578, Time: 00:09:12

Health: -6/28      AC:  6    Str: 11    XL:     5   Next: 1%
Magic:  4/9        EV: 11    Int: 18    God:
Gold:   139        SH:  0    Dex: 10    Spells: 9/10 levels left

rFire   . . .      SeeInvis .    r - +1 whip (vamp)
rCold   . . .      Faith    .    (no shield)
rNeg    + . .      Spirit   .    a - +0 robe
rPois   ∞          Reflect  .    (no helmet)
rElec   +          Harm     .    (no cloak)
rCorr   .          Rampage  .    (no gloves)
Will    .....                    (no boots)
Stlth   ++........               (no amulet)
HPRegen 0.24/turn                (no ring)
MPRegen 0.11/turn                (no ring)

@: mighty
A: sickness immunity, AC +4, negative energy resistance 1, electricity
resistance, torment resistance 1, petrification resistance
a: no special abilities


You were on level 3 of the Dungeon.
You visited 1 branch of the dungeon, and saw 3 of its levels.

You collected 139 gold pieces.

Inventory:

Hand Weapons
 r - a +1 vampiric whip (weapon)
Missiles
 o - 6 poisoned darts
Armour
 a - a +0 robe (worn)
Wands
 n - a wand of quicksilver (14)
Scrolls
 c - a scroll of teleportation {unknown}
 d - a scroll of blinking {unknown}
 i - a scroll of noise {unknown}
 k - 3 scrolls of identify {unknown}
 l - a scroll of vulnerability {unknown}
 q - a scroll of enchant armour {unknown}
 s - a scroll of fear {unknown}
Potions
 b - a potion of magic
 e - a potion of might
 f - a potion of degeneration {unknown}
 g - a potion of brilliance {unknown}
 h - 2 potions of flight {unknown}
 j - a potion of curing {unknown}
 m - a potion of berserk rage {unknown}
 p - a potion of resistance {unknown}


   Skills:
 - Level 1.5 Dodging
 - Level 3.0 Stealth
 + Level 3.2 Spellcasting
 + Level 0.1 Conjurations
 - Level 1.0 Transmutations
 + Level 5.2 Earth Magic


You had 9 spell levels left.
You knew the following spells:

 Your Spells              Type           Power      Damage    Failure   Level
a - Sandblast             Erth           42%        2d11      1%          1

Your spell library contained the following spells:

 Spells                   Type           Power      Damage    Failure   Level
 Passwall                 Tmut/Erth      11%        N/A       7%          2
 Magic Dart               Conj           12%        1d3       16%         1
 Shock                    Conj/Air       12%        1d3       16%         1
 Slow                     Hex            8%         N/A       16%         1
 Stone Arrow              Conj/Erth      24%        3d8       16%         3
 Call Imp                 Summ           2%         N/A       24%         2
 Petrify                  Tmut/Erth      14%        N/A       41%         4
 Confusing Touch          Hex            2%         N/A       43%         3
 Mephitic Cloud           Conj/Pois/Air  3%         N/A       43%         3
 Portal Projectile        Hex/Tloc       4%         N/A       43%         3
 Vampiric Draining        Necr           2%         2d6       43%         3
 Conjure Ball Lightning   Conj/Air       1%         3x3d6     100%        6
 Iron Shot                Conj/Erth      6%         9d2       100%        6


Dungeon Overview and Level Annotations

Branches:
Dungeon (3/15)

Altars:

Annotations:
D:3 Sigmund


Innate Abilities, Weirdness & Mutations

You are immune to sickness and miasma.
Your stone body is resilient. (AC +4)
You are immune to poison.
You resist negative energy. (rN+)
You are resistant to electric shocks. (rElec)
You are resistant to unholy torment.
You are immune to petrification.


Message History

Press: ? - help, Shift-Dir - straight line The blast of sand hits something!
Something hits you.
Casting: Sandblast (safe; 1% risk of failure)
Confirm with . or Enter, or press ? or * to list all spells.
Aiming: Sandblast (safe; 1% risk of failure)
Press: ? - help, Shift-Dir - straight line Something hits you.
Casting: Sandblast (safe; 1% risk of failure)
Confirm with . or Enter, or press ? or * to list all spells.
Aiming: Sandblast (safe; 1% risk of failure)
Press: ? - help, Shift-Dir - straight line You hear some strange, mumbled words.
Something tries to affect you, but you resist.
Something hits you.
Casting: Sandblast (safe; 1% risk of failure)
Confirm with . or Enter, or press ? or * to list all spells.
Aiming: Sandblast (safe; 1% risk of failure)
Press: ? - help, Shift-Dir - straight line The blast of sand hits something but does no damage.
Something hits you!
Okay, then.
It was a potion of might.
You feel very mighty all of a sudden.
You hear some strange, mumbled words.
A magic dart appears from out of thin air!
The magic dart hits you.
You miss something. Something hits you.
You barely miss something. Something hits you.
* * * LOW HITPOINT WARNING * * *
You barely miss something. You completely miss something.
You hear some strange, mumbled words.
A puff of flame appears from out of thin air!
The puff of flame hits you.
* * * LOW HITPOINT WARNING * * *
You closely miss something. Something hits you.
* * * LOW HITPOINT WARNING * * *
You barely miss something. Something hits you but does no damage.
You barely miss something. Something hits you!
You die...

.##.## ##.# .#...## ...#
#......## #### ##.......#
#######.........
#.....@......... .#
#.#####......... .# #{#
##..[....# .# #@# #.$....#. .#
#### #.######.#.#....
.##...#.#.##............
#######.#.###..#.##.###.#######
........................#
)....[..#.#.#..#.##.#####
######.## ...#..#...# #.#
##.###.#### #.## ##.###.#


There were no monsters in sight!

Vanquished Creatures
  An iguana (D:3)
  3 adders (D:2)
  A worm (D:2)
  A dart slug (D:1)
  An orc (D:3)
  3 ball pythons
  4 bats
  5 endoplasms
  2 giant cockroaches
  3 goblins
  6 hobgoblins
  5 jackals
  5 kobolds
  3 quokkas (D:1)
  A frilled lizard (D:1)
  11 rats
55 creatures vanquished.

Vanquished Creatures (others)
  7 plants (D:2)
7 creatures vanquished.

Grand Total: 62 creatures vanquished

Notes
Turn   | Place    | Note
-------+----------+-------------------------------------------
     0 | D:1      | themarg the Gargoyle Earth Elementalist began the quest for
                  | the Orb.
     0 | D:1      | Reached XP level 1. HP: 10/10 MP: 3/3
   207 | D:1      | Reached skill level 1 in Transmutations
   326 | D:1      | Reached XP level 2. HP: 15/15 MP: 3/5
   662 | D:1      | Reached skill level 4 in Earth Magic
   896 | D:1      | Reached XP level 3. HP: 18/19 MP: 3/6
  1536 | D:2      | Reached XP level 4. HP: 24/24 MP: 6/8
  1579 | D:2      | Got the Atlas of Geometric Blasts
  1751 | D:2      | Found a faded altar of an unknown god.
  2325 | D:3      | Reached skill level 5 in Earth Magic
  2486 | D:3      | Reached XP level 5. HP: 28/28 MP: 7/9
  2532 | D:3      | Noticed Sigmund
  2578 | D:3      | Mangled by Sigmund

Illustrated notes

Levels and vault maps discovered:
D:1:      dpeg_arrival_rooms_a, layout_loops_corners, hangedman_decor_push,
          nrook_uturn
D:2:      layout_rooms, ebering_ecumenical_altar_hall, serial_forest,
          infiniplex_forest_straight_4, infiniplex_forest_clump_large,
          infiniplex_forest_straight_2, infiniplex_forest_clump_small,
          infiniplex_forest_clump_small, infiniplex_forest_3_way,
          infiniplex_forest_clump_curved, minivault_14
D:3:      layout_loops_ring, uniq_sigmund

Skill      XL: |  1  2  3  4 |
---------------+-------------+-----
Transmutations | 1 |  1.0
Earth Magic    | 4 5 |  5.2
Stealth        | 3 |  3.0
Spellcasting   | 3 |  3.2
Dodging        | |  1.5
Conjurations   | |  0.1

Action                   |  1- 3 |  4- 6 || total
-------------------------+-------+-------++-------
Melee: Club              |     1 |       ||     1
       Whip              |       |     7 ||     7
 Cast: Sandblast         |    55 |    32 ||    87
  Use: Potion            |       |     1 ||     1
Armor: Robe              |     4 |     2 ||     6
Dodge: Dodged            |    14 |     4 ||    18

Table legend: (Time is in decaauts)
 A = Elapsed time spent in this place.
 B = Non-inter-level travel time spent in this place.
 C = Inter-level travel time spent in this place.
 D = Time resting spent in this place.
 E = Time spent auto-exploring this place.
 F = Levels seen in this place.
 G = Mean time per level.
                   A        B        C        D        E       F      G
               +--------+--------+--------+--------+--------+-----+--------+
         Total |   2621 |   2524 |     97 |    183 |   1963 |   3 |  873.7 |
       Dungeon |   2621 |   2524 |     97 |    183 |   1963 |   3 |  873.7 |
               +--------+--------+--------+--------+--------+-----+--------+

Top non-repeatable levels by time:
     D:1: 1309 daAuts
     D:2: 944 daAuts
     D:3: 368 daAuts
